[Event "Titled Tuesday Blitz December 27 Late 2022"]
[White "Mayaud, Raphael"]
[Black "Kho, Darrell"]
[WhiteFideId "627151"]
[BlackFideId "1019317"]
[WhiteElo "2201"]
[BlackElo "2075"]
[Result "1-0"]
[Round "04"]
[TimeControl "180+2"]
[Date "2022.12.27"]
[WhiteClock "0:00:24"]
[BlackClock "0:00:13"]

1. d4 f5 2. g3 Nf6 3. Bg2 g6 4. c4 Bg7 5. Nc3 d6 6. Nh3 Nc6 7. d5 Ne5 8. O-O c6 9. Nf4 cxd5 10. cxd5 O-O 11. b3 Ne4 12. Nxe4 fxe4 13. Be3 Bf5 14. Rc1 Qd7 15. Qd2 a6 16. Ne6 Bxe6 17. dxe6 Qxe6 18. Bxe4 Kh8 19. Bxb7 Qh3 20. Bg2 Qh5 21. Bxa8 Ng4 22. h4 Rxa8 23. Rfd1 Rf8 24. Rc4 Be5 25. Rdc1 Qf5 26. Bf4 Bf6 27. f3 Ne5 28. Bxe5 Bxe5 29. Kg2 Qd7 30. Qg5 1-0


[Site "https://www.chess.com"]

[Event "Titled Tuesday Blitz December 27 Late 2022"]
[White "Mekhitarian, Krikor Sevag"]
[Black "Firouzja, Alireza"]
[WhiteFideId "2107660"]
[BlackFideId "12573981"]
[WhiteElo "2537"]
[BlackElo "2785"]
[Result "0-1"]
[Round "04"]
[TimeControl "180+2"]
[Date "2022.12.27"]
[WhiteClock "0:00:12"]
[BlackClock "0:02:30"]

1. e4 c6 2. d4 d5 3. Nc3 dxe4 4. Nxe4 Bf5 5. Ng3 Bg6 6. Bc4 Nf6 7. N1e2 e6 8. Nf4 Bd6 9. c3 Qc7 10. Qf3 Nbd7 11. Bxe6 fxe6 12. Nxe6 Qa5 13. Nxg7+ Kf7 14. N7f5 Rhe8+ 15. Be3 Bxg3 16. Nxg3 Qd5 17. Qxd5+ Nxd5 18. Kd2 b5 19. Rhe1 N7b6 20. b3 a5 21. Bg5 a4 22. Rxe8 Rxe8 23. Nf1 Ra8 24. Rc1 axb3 25. axb3 Ra3 26. c4 Ra2+ 27. Ke1 Nb4 28. Rc3 Nd3+ 29. Kd1 bxc4 30. bxc4 Nxc4 0-1


[Site "https://www.chess.com"]

[Event "Titled Tuesday Blitz December 27 Late 2022"]
[White "Melikhov, Evgeny V."]
[Black "Wang, Alexander J"]
[WhiteFideId "4122046"]
[BlackFideId "30955270"]
[WhiteElo "2269"]
[BlackElo "1815"]
[Result "0-1"]
[Round "04"]
[TimeControl "180+2"]
[Date "2022.12.27"]
[WhiteClock "0:00:23"]
[BlackClock "0:01:03"]

1. d4 d5 2. c4 e6 3. Nc3 c5 4. cxd5 exd5 5. Nf3 Nc6 6. g3 Nf6 7. Bg2 cxd4 8. Nxd4 Bc5 9. Nxc6 bxc6 10. O-O O-O 11. Bf4 Bf5 12. Rc1 Bb6 13. Na4 Rc8 14. Nc5 Bxc5 15. Rxc5 Qb6 16. Qc1 Be4 17. Be3 Qb7 18. f3 Bf5 19. Bf2 Nd7 20. Rc3 Nb6 21. e4 dxe4 22. fxe4 Be6 23. b3 Rfd8 24. Rd1 Bg4 25. Rd2 Qc7 26. Rcd3 Rxd3 27. Rxd3 Rd8 28. Qd2 Rxd3 29. Qxd3 h6 30. Qd4 Qe7 31. e5 Qa3 32. Be4 Nd5 33. Qd2 Bh3 34. Bd4 Qe7 35. Bb1 g6 36. Qxh6 Qb4 37. Qxh3 Qxd4+ 38. Kh1 Qd1+ 39. Kg2 Qxb1 40. Qc8+ Kg7 41. e6 Qe4+ 42. Kh3 Qxe6+ 0-1


[Site "https://www.chess.com"]

[Event "Titled Tuesday Blitz December 27 Late 2022"]
[White "Melikyan, Gnel"]
[Black "Cappai, Davide"]
[WhiteFideId "54109990"]
[BlackFideId "813338"]
[WhiteElo "2238"]
[BlackElo "2140"]
[Result "1-0"]
[Round "04"]
[TimeControl "180+2"]
[Date "2022.12.27"]
[WhiteClock "0:00:25"]
[BlackClock "0:00:26"]

1. d4 g6 2. c4 Bg7 3. Nc3 c5 4. dxc5 Bxc3+ 5. bxc3 Qa5 6. Qb3 Nc6 7. Ba3 Nf6 8. Bb4 Qc7 9. Nf3 O-O 10. e3 a5 11. Ba3 a4 12. Qb6 Qb8 13. Be2 Ra6 14. Qb2 e5 15. O-O e4 16. Nd4 Ne5 17. h3 Re8 18. Rfd1 Nc6 19. Nb5 Qe5 20. Nd6 Rf8 21. Nxc8 Rxc8 22. Qxb7 Rca8 23. Qb2 Qg5 24. Bb4 Ne5 25. Rd4 h5 26. Kh1 Re8 27. Qd2 Rae6 28. Rg1 Qh4 29. Bf1 Neg4 30. g3 Qg5 31. hxg4 hxg4 32. Kg2 Kg7 33. Rh1 Qf5 34. Be2 Nh7 35. Rd5 Re5 36. c6 dxc6 37. Rxe5 Rxe5 38. Bd6 Re6 39. Qd4+ Nf6 40. c5 g5 41. Bc4 Qf3+ 42. Kg1 Qg2+ 43. Kxg2 Kg8 44. Bxe6 Kg7 45. Qxf6+ Kg8 46. Qxg5# 1-0


[Site "https://www.chess.com"]

[Event "Titled Tuesday Blitz December 27 Late 2022"]
[White "Melkumyan, Hrant"]
[Black "Bryakin, Mikhail"]
[WhiteFideId "13302485"]
[BlackFideId "4165314"]
[WhiteElo "2645"]
[BlackElo "2455"]
[Result "1/2-1/2"]
[Round "04"]
[TimeControl "180+2"]
[Date "2022.12.27"]
[WhiteClock "0:00:04"]
[BlackClock "0:00:05"]

1. d4 d6 2. Nf3 e5 3. dxe5 Bg4 4. h3 Bxf3 5. exf3 dxe5 6. Qxd8+ Kxd8 7. Bc4 f6 8. f4 Bd6 9. fxe5 Bxe5 10. Nd2 Nd7 11. Nf3 Ne7 12. Nxe5 Nxe5 13. Bb3 c6 14. Be3 Kc7 15. O-O-O Rhd8 16. Rde1 a5 17. a4 Nd5 18. f4 Nxe3 19. Rxe3 Ng6 20. g3 Re8 21. Rhe1 Rxe3 22. Rxe3 Kd6 23. h4 h6 24. Bc4 Rd8 25. c3 Ne7 26. Re6+ Kd7 27. Re1 Kd6 28. h5 Nd5 29. Bxd5 cxd5 30. Kc2 Rb8 31. f5 b5 32. Re6+ Kc5 33. Re7 bxa4 34. Rxg7 Re8 35. Kd3 Rb8 36. Kc2 Re8 37. Rc7+ Kd6 38. Rf7 Ke5 39. Ra7 Rg8 40. Rxa5 Rxg3 41. c4 Kxf5 42. Rxd5+ Ke4 43. Rd8 Rg2+ 44. Kc3 Rg3+ 45. Kb4 Rb3+ 46. Kxa4 Rxb2 47. c5 f5 48. c6 Rc2 49. Kb5 f4 50. Rd6 Kf5 51. Rxh6 Kg5 52. Rh8 f3 53. h6 f2 54. Rf8 Kxh6 55. Kb6 Kg5 56. c7 Rb2+ 57. Ka6 Ra2+ 58. Kb7 Rb2+ 59. Kc6 Rc2+ 60. Kd6 Rd2+ 61. Ke6 Re2+ 62. Kd7 Rd2+ 63. Ke7 Re2+ 64. Kd8 Rd2+ 65. Ke8 Re2+ 66. Kd7 Rd2+ 67. Ke6 Re2+ 68. Kd5 Rc2 69. Kd6 Rd2+ 70. Kc5 Rc2+ 71. Kb6 Rb2+ 72. Ka5 Rc2 73. Kb6 1/2-1/2


[Site "https://www.chess.com"]

[Event "Titled Tuesday Blitz December 27 Late 2022"]
[White "Mendez Fortes, Eduardo Jesus"]
[Black "Fernandez Garcia, Gumersindo"]
[WhiteFideId "3502376"]
[BlackFideId "24516740"]
[WhiteElo "2250"]
[BlackElo "2160"]
[Result "1-0"]
[Round "04"]
[TimeControl "180+2"]
[Date "2022.12.27"]
[WhiteClock "0:01:33"]
[BlackClock "0:00:02"]

1. e4 c6 2. d4 d5 3. Nc3 g6 4. e5 Bg7 5. f4 h5 6. Nf3 Nh6 7. Bd3 O-O 8. h3 Bf5 9. Be3 Nd7 10. Bxf5 Nxf5 11. Bf2 e6 12. g4 Nh6 13. gxh5 gxh5 14. Ng5 Re8 15. Qxh5 f6 16. Bh4 Qb6 17. O-O-O fxg5 18. Bxg5 Nf5 19. Rhg1 Nf8 20. Bf6 Qc7 21. Rg2 Re7 22. Bxe7 Qxe7 23. Rdg1 Rd8 24. Ne2 Rd7 25. Ng3 Nxg3 26. Rxg3 Qd8 27. f5 exf5 28. Qxf5 Rf7 29. Qd3 Qe7 30. Kb1 Ne6 31. a3 Qf8 32. Ka2 c5 33. c3 c4 34. Qg6 Qe7 35. h4 Kf8 36. h5 Ke8 37. h6 Bh8 38. Qg8+ Rf8 39. Qg6+ Kd7 40. Qc2 b5 41. Rg8 a6 42. h7 Kc6 43. Rxf8 Qxf8 44. Rg8 Qe7 45. Rxh8 Ng5 46. Rc8+ Kb7 47. h8=Q 1-0


[Site "https://www.chess.com"]

[Event "Titled Tuesday Blitz December 27 Late 2022"]
[White "Moral Garcia, Serafin"]
[Black "Rustemov, Alexander"]
[WhiteFideId "2201925"]
[BlackFideId "4119002"]
[WhiteElo "2238"]
[BlackElo "2525"]
[Result "0-1"]
[Round "04"]
[TimeControl "180+2"]
[Date "2022.12.27"]
[WhiteClock "0:00:09"]
[BlackClock "0:00:16"]

1. Nf3 d5 2. b3 Nf6 3. Bb2 Bf5 4. Nh4 Bd7 5. e3 c5 6. c4 e6 7. Be2 Be7 8. O-O O-O 9. Nf3 Nc6 10. cxd5 Nxd5 11. Nc3 Bf6 12. Qc2 Ndb4 13. Qb1 Qe7 14. Ne4 Bxb2 15. Qxb2 b6 16. a3 Nd5 17. d4 cxd4 18. Nxd4 Nxd4 19. Qxd4 Rfc8 20. Bc4 Bc6 21. b4 e5 22. Qd3 Nf6 23. Nxf6+ Qxf6 24. Rac1 Rd8 25. Qe2 Rd6 26. Rfd1 Rad8 27. Rxd6 Qxd6 28. Bb3 g6 29. Rd1 Qe7 30. Rxd8+ Qxd8 31. Qc4 Qd7 32. h4 Kg7 33. f3 Bb5 34. Qd5 Qxd5 35. Bxd5 f6 36. Kf2 Kf8 37. f4 Ke7 38. g4 h6 39. Kg3 g5 40. hxg5 hxg5 41. fxg5 fxg5 42. Kf3 Kd6 43. e4 Ba4 44. Kg3 Bd1 45. Kh3 Kc7 46. Kg3 Be2 47. Be6 Kc6 48. Kf2 Bd1 49. Ke3 Kb5 50. Kd2 Bf3 51. Ke3 Bg2 52. Bb3 Bh3 53. Kf3 a5 54. bxa5 bxa5 55. Kg3 Bf1 56. Kf3 Bc4 57. Bc2 Kc5 58. Ke3 Be6 59. Bd3 Bxg4 60. Bc2 Kc4 61. Kf2 Kc3 0-1


[Site "https://www.chess.com"]

[Event "Titled Tuesday Blitz December 27 Late 2022"]
[White "Movahed, Sina"]
[Black "Subelj, Jan"]
[WhiteFideId "42520835"]
[BlackFideId "14618583"]
[WhiteElo "2340"]
[BlackElo "2513"]
[Result "1-0"]
[Round "04"]
[TimeControl "180+2"]
[Date "2022.12.27"]
[WhiteClock "0:00:33"]
[BlackClock "0:00:04"]

1. Nf3 d6 2. g3 e5 3. Bg2 Nf6 4. O-O g6 5. d4 Nbd7 6. Nbd2 e4 7. Ne1 d5 8. c4 c6 9. b3 Bg7 10. Ba3 Bf8 11. Bxf8 Kxf8 12. b4 Qb6 13. Nc2 Kg7 14. b5 Re8 15. Rb1 Qc7 16. Qc1 cxb5 17. cxd5 a6 18. Ne3 Qxc1 19. Rfxc1 Nb6 20. d6 Be6 21. Nxe4 Nxe4 22. Bxe4 Bxa2 23. Bxb7 Bxb1 24. Bxa8 Rxa8 25. Rxb1 Rd8 26. Ra1 Na4 27. Nc4 Nc3 28. Ne5 Rxd6 29. e3 b4 30. Nd3 Rb6 31. Kf1 b3 32. Nb2 Ne4 33. Rc1 a5 34. Ke2 a4 35. Nxa4 b2 36. Rb1 Rb4 37. f3 Nd6 38. Nc5 Nc4 39. Nd3 Rb3 40. e4 f6 41. d5 Kf7 42. d6 Ke6 43. Nc5+ 1-0


[Site "https://www.chess.com"]

[Event "Titled Tuesday Blitz December 27 Late 2022"]
[White "Msellek, Ilyass"]
[Black "Salman, Pavel"]
[WhiteFideId "675938"]
[BlackFideId "24153753"]
[WhiteElo "2420"]
[BlackElo "2287"]
[Result "1-0"]
[Round "04"]
[TimeControl "180+2"]
[Date "2022.12.27"]
[WhiteClock "0:00:09"]
[BlackClock "0:00:10"]

1. d4 Nf6 2. Nf3 c5 3. e3 cxd4 4. exd4 b6 5. c3 Bb7 6. Bd3 e6 7. O-O Be7 8. Nbd2 O-O 9. Qe2 d6 10. a4 Re8 11. Re1 Bf8 12. Ne4 Nxe4 13. Bxe4 Bxe4 14. Qxe4 d5 15. Qg4 Nc6 16. Bf4 Rc8 17. Re3 Na5 18. Ne5 Nc4 19. Nxc4 Rxc4 20. h4 Bd6 21. Bh6 g6 22. Rae1 Rxa4 23. h5 Bf8 24. Bg5 Be7 25. Bh6 Bf8 26. Bg5 Be7 27. Rxe6 fxe6 28. Qxe6+ Kh8 29. Qe5+ Kg8 30. Qe6+ Kh8 31. h6 Ra1 32. Qe5+ Bf6 33. Qxf6+ Qxf6 34. Bxf6+ Kg8 35. Rxa1 Kf7 36. Be5 Re7 37. g4 g5 38. Kg2 Kg6 39. Rh1 a5 40. f4 Rf7 41. Kf3 gxf4 42. Bxf4 b5 43. Rh5 a4 44. Rg5+ Kxh6 45. Rg8+ Rxf4+ 46. Kxf4 b4 47. g5+ Kh5 48. Rg7 a3 49. bxa3 bxa3 50. Ra7 Kg6 51. Rxa3 1-0


[Site "https://www.chess.com"]

[Event "Titled Tuesday Blitz December 27 Late 2022"]
[White "Novikova, Galina"]
[Black "Harish, Neeraj"]
[WhiteFideId "4157095"]
[BlackFideId "30958130"]
[WhiteElo "2073"]
[BlackElo "2232"]
[Result "1-0"]
[Round "04"]
[TimeControl "180+2"]
[Date "2022.12.27"]
[WhiteClock "0:00:15"]
[BlackClock "0:00:01"]

1. e4 c5 2. Nf3 Nc6 3. d4 cxd4 4. Nxd4 Nf6 5. Nc3 e5 6. Ndb5 d6 7. Bg5 a6 8. Na3 b5 9. Bxf6 gxf6 10. Nd5 f5 11. g3 fxe4 12. Bg2 Be6 13. c3 Bg7 14. Nc2 O-O 15. Bxe4 Rc8 16. O-O f5 17. Bg2 Ne7 18. Ncb4 a5 19. Nxe7+ Qxe7 20. Nd5 Qf7 21. Qd2 f4 22. Be4 f3 23. Qd3 h6 24. Bg6 Qb7 25. Rad1 Rc5 26. Ne3 d5 27. b4 e4 28. Qb1 Rxc3 29. bxa5 Rc5 30. a4 b4 31. Nc2 Bf7 32. Bf5 b3 33. Nd4 b2 34. Nb5 Rxb5 35. axb5 Qxb5 36. Qa2 d4 37. Be6 e3 38. Rb1 e2 39. Rfe1 d3 40. Bxf7+ Rxf7 41. a6 Bd4 42. Qe6 d2 43. Qc8+ Kg7 44. Qg4+ Qg5 45. Qxd4+ Kh7 46. Qd3+ Kg7 47. Qc3+ Kh7 48. Rxb2 dxe1=Q+ 49. Qxe1 1-0


[Site "https://www.chess.com"]

[Event "Titled Tuesday Blitz December 27 Late 2022"]
[White "Oparin, Grigoriy"]
[Black "Arnold, Ken"]
[WhiteFideId "24125890"]
[BlackFideId "2056836"]
[WhiteElo "2667"]
[BlackElo "2355"]
[Result "1-0"]
[Round "04"]
[TimeControl "180+2"]
[Date "2022.12.27"]
[WhiteClock "0:01:05"]
[BlackClock "0:00:02"]

1. e4 c6 2. Nc3 d5 3. Nf3 Bg4 4. h3 Bxf3 5. Qxf3 e6 6. Be2 Nf6 7. O-O dxe4 8. Nxe4 Nxe4 9. Qxe4 Nd7 10. d4 Nf6 11. Qe3 Be7 12. Bf3 O-O 13. Rd1 Re8 14. b3 a5 15. a3 a4 16. b4 Nd5 17. Qd3 Bg5 18. c4 Nf4 19. Qe4 Ng6 20. Bb2 Bf6 21. Rd2 Nh4 22. Bg4 g6 23. Rad1 h5 24. Be2 Nf5 25. Qc2 Qe7 26. Bf3 Nh4 27. Be4 Red8 28. Re2 Qd7 29. Red2 Nf5 30. d5 Bxb2 31. dxc6 Qc7 32. cxb7 Rab8 33. Qxb2 Rxd2 34. Rxd2 Qf4 35. Bxf5 gxf5 36. Rd7 Qxc4 37. Qe5 Qc1+ 38. Kh2 1-0


[Site "https://www.chess.com"]

[Event "Titled Tuesday Blitz December 27 Late 2022"]
[White "Oro, Faustino"]
[Black "Bogaudinov, Rushan"]
[WhiteFideId "20000197"]
[BlackFideId "4129288"]
[WhiteElo "2269"]
[BlackElo "1939"]
[Result "1-0"]
[Round "04"]
[TimeControl "180+2"]
[Date "2022.12.27"]
[WhiteClock "0:00:29"]
[BlackClock "0:00:08"]

1. e4 c5 2. Nf3 Nc6 3. d4 cxd4 4. Nxd4 Nf6 5. Nc3 g6 6. Be3 Bg7 7. f3 O-O 8. Bc4 Qa5 9. Qd2 Qb4 10. Bb3 Nxe4 11. Nxc6 dxc6 12. Nxe4 Qb5 13. c4 Qh5 14. O-O Bf5 15. Ng3 Qh4 16. Nxf5 gxf5 17. Rad1 e6 18. Bf2 Qh5 19. Qe2 Qg6 20. Rd3 Bf6 21. Rfd1 a5 22. a3 a4 23. Ba2 Ra5 24. c5 Rb5 25. R3d2 Bg5 26. Rc2 Bf6 27. Bc4 Ra5 28. Rcd2 e5 29. g3 e4 30. fxe4 fxe4 31. Be3 Be5 32. Kg2 Kg7 33. Rd7 h5 34. Bd4 Bxd4 35. R7xd4 f5 36. Rd7+ Kh6 37. Qe3+ f4 38. Qc1 Rxc5 39. Qc3 f3+ 40. Kf2 Rf6 41. Rd8 Qg5 42. Rh8+ Kg6 43. Rg8+ Kf5 44. Rxg5+ Kxg5 45. Qe3+ Kf5 46. Qxc5+ 1-0


[Site "https://www.chess.com"]

[Event "Titled Tuesday Blitz December 27 Late 2022"]
[White "Orzech, Dominik"]
[Black "Kozlov, Gennady"]
[WhiteFideId "1115065"]
[BlackFideId "4191668"]
[WhiteElo "2308"]
[BlackElo "2401"]
[Result "1/2-1/2"]
[Round "04"]
[TimeControl "180+2"]
[Date "2022.12.27"]
[WhiteClock "0:00:49"]
[BlackClock "0:01:10"]

1. d4 e6 2. Nf3 b6 3. e4 Bb7 4. Bd3 d5 5. exd5 Bxd5 6. Nc3 Bb7 7. O-O Nf6 8. Re1 Be7 9. Bg5 O-O 10. Qe2 h6 11. Bh4 c5 12. Rad1 Nbd7 13. dxc5 Bxc5 14. Ne4 Be7 15. Bxf6 Bxf6 16. Bb5 Bxe4 17. Qxe4 Nc5 18. Rxd8 Nxe4 19. Rxf8+ Kxf8 20. Rxe4 Bxb2 21. Kf1 a6 22. Ra4 Rc8 23. Bd3 a5 24. Rc4 Rb8 25. Rc7 b5 26. Ke2 b4 27. h4 a4 28. g4 b3 29. axb3 axb3 30. cxb3 Rxb3 31. g5 Ba1 32. h5 Rb2+ 33. Ke3 hxg5 34. Nxg5 Rb8 35. Rxf7+ Kg8 36. Bh7+ Kh8 37. Bg6 Rb3+ 38. Ke2 Rb2+ 39. Kf1 Rb8 40. Nxe6 Bf6 41. Rf8+ Rxf8 42. Nxf8 Kg8 43. Ne6 Kh8 44. Ke2 Kg8 45. Kd3 Kh8 46. Kc4 Kg8 47. Kd5 Kh8 48. Kd6 Kg8 49. Kd7 Bh4 50. f4 Bg3 51. Ke8 Bh2 52. f5 Be5 53. Ng5 Bf6 54. Bf7+ Kh8 55. Ne4 Bb2 56. Kf8 Kh7 57. Bg6+ Kh6 58. Kf7 Ba1 59. Nd6 Bb2 60. Nc4 Ba1 61. Ne3 Bb2 62. Nd5 Ba1 63. Ne7 Bb2 64. Ng8+ Kg5 65. Kf8 Ba1 66. Kf7 Bb2 67. Ne7 Kh6 68. Nd5 Ba1 69. Ne3 Bb2 70. Nd5 1/2-1/2


[Site "https://www.chess.com"]

[Event "Titled Tuesday Blitz December 27 Late 2022"]
[White "Osinenko, Anton"]
[Black "Yano, William Jorge Froes"]
[WhiteFideId "4158970"]
[BlackFideId "2112949"]
[WhiteElo "2203"]
[BlackElo "2045"]
[Result "1-0"]
[Round "04"]
[TimeControl "180+2"]
[Date "2022.12.27"]
[WhiteClock "0:00:35"]
[BlackClock "0:00:04"]

1. e4 e6 2. d4 d5 3. exd5 exd5 4. Bd3 Nc6 5. Ne2 Bd6 6. c3 Nge7 7. Qc2 Bg4 8. f3 Bh5 9. Bg5 f6 10. Bh4 Qd7 11. Nd2 Bf7 12. O-O-O a6 13. Rde1 Bg6 14. Ng3 O-O 15. Ne2 b5 16. Bg3 Rfb8 17. Nf4 Bxf4 18. Bxf4 a5 19. Nb3 b4 20. Nc5 Qc8 21. h4 bxc3 22. bxc3 a4 23. h5 Bxd3 24. Qxd3 a3 25. h6 g6 26. Re2 Ra5 27. Rhe1 Kf7 28. Kd2 Rb2+ 29. Ke3 Qf5 30. g4 Qxd3+ 31. Nxd3 Ra7 32. Nxb2 axb2 33. Rxb2 g5 34. Bg3 Ra3 35. Kd3 Na5 36. Ree2 Nc4 37. Rb7 c6 38. Rbxe7+ Kg6 39. R7e6 Ra6 40. Be5 Kxh6 41. Rxf6+ Kg7 42. Rf5+ Kg6 43. Rh2 h6 44. Rf6+ Kg7 45. Rfxh6+ Kf8 46. Rh8+ Ke7 47. R2h7+ Ke6 48. Re8# 1-0


[Site "https://www.chess.com"]

[Event "Titled Tuesday Blitz December 27 Late 2022"]
[White "Pakleza, Zbigniew"]
[Black "Taboas Rodriguez, Daniel"]
[WhiteFideId "1119290"]
[BlackFideId "2208466"]
[WhiteElo "2494"]
[BlackElo "2371"]
[Result "1-0"]
[Round "04"]
[TimeControl "180+2"]
[Date "2022.12.27"]
[WhiteClock "0:00:04"]
[BlackClock "0:00:01"]

1. d4 Nf6 2. Nf3 g6 3. Bf4 Bg7 4. e3 O-O 5. Be2 c5 6. c3 b6 7. O-O Bb7 8. Nbd2 Ne4 9. a4 Nxd2 10. Nxd2 Nc6 11. h3 d6 12. Bg3 Qd7 13. Nc4 d5 14. Nd2 e5 15. dxc5 bxc5 16. e4 d4 17. a5 Rad8 18. Nc4 Qe6 19. Qa4 Ba6 20. Rfe1 d3 21. Bg4 f5 22. exf5 gxf5 23. Bf3 e4 24. Nd2 Qh6 25. Nxe4 fxe4 26. Rxe4 d2 27. Rd1 Rfe8 28. Rxe8+ Rxe8 29. Kh2 Bb7 30. Qb3+ Kf8 31. Qxb7 Re1 32. Qc8+ Ke7 33. Qc7+ Kf8 34. Qd6+ Kg8 35. Bd5+ Kh8 36. Qxh6 1-0


[Site "https://www.chess.com"]

[Event "Titled Tuesday Blitz December 27 Late 2022"]
[White "Papayan, Oleg"]
[Black "Rose, Felix"]
[WhiteFideId "4193911"]
[BlackFideId "5105722"]
[WhiteElo "2253"]
[BlackElo "2091"]
[Result "1-0"]
[Round "04"]
[TimeControl "180+2"]
[Date "2022.12.27"]
[WhiteClock "0:00:05"]
[BlackClock "0:00:03"]

1. e4 e5 2. Nf3 Nc6 3. Bb5 a6 4. Bxc6 dxc6 5. O-O Qf6 6. d4 exd4 7. Bg5 Qd6 8. Nxd4 Bd7 9. Nc3 h6 10. Bh4 g5 11. Bg3 Qb4 12. a3 Qb6 13. Be5 f6 14. Qh5+ Kd8 15. Qf7 Be7 16. Qg7 fxe5 17. Qxh8 exd4 18. Qxg8+ Be8 19. Rad1 Kd7 20. Na4 Qb5 21. Rxd4+ Bd6 22. Qg7+ Kc8 23. Qh8 c5 24. Nc3 Qc6 25. Rd5 b6 26. e5 Be7 27. Qg7 Qe6 28. Qh8 Kb7 29. Qg7 Bc6 30. Rd3 Rg8 31. Qh7 Qxe5 32. f3 c4 33. Rdd1 Rg7 34. Qh8 Bf6 35. Qxh6 Qf4 36. Ne4 Bxb2 37. Qh5 g4 38. Qh4 Qe3+ 39. Kh1 gxf3 40. gxf3 Qe2 41. Qf2 Qxf2 42. Rxf2 Rf7 43. Rdf1 Bd4 44. Re2 b5 45. h4 Rh7 46. Rh2 Be5 47. Rh3 Bd7 48. Ng5 Bxh3 49. Re1 Rxh4 50. Rxe5 Bd7+ 51. Kg2 Bc6 52. Kg3 Rh1 53. f4 Rg1+ 54. Kh4 a5 55. f5 b4 56. Rxa5 b3 57. cxb3 cxb3 58. f6 Rh1+ 59. Kg4 Rf1 60. f7 b2 61. Rf5 Bd7 62. f8=Q Rxf5 63. Qb4+ Kc8 64. Kh4 Rf2 65. Ne4 Rh2+ 66. Kg3 Rc2 67. Nf6 Bf5 68. Qf8+ Kb7 69. Qb4+ Kc8 70. Nd5 1-0


[Site "https://www.chess.com"]

[Event "Titled Tuesday Blitz December 27 Late 2022"]
[White "Paspuel, Trosky"]
[Black "Guevara Sanchez, Erick Marvin"]
[WhiteFideId "3602150"]
[BlackFideId "6700136"]
[WhiteElo "1721"]
[BlackElo "2073"]
[Result "1-0"]
[Round "04"]
[TimeControl "180+2"]
[Date "2022.12.27"]
[WhiteClock "0:00:02"]
[BlackClock "0:00:06"]

1. c4 Nf6 2. Nc3 e6 3. d4 d5 4. cxd5 exd5 5. Bg5 Be7 6. e3 h6 7. Bh4 O-O 8. Bd3 Be6 9. Nge2 c5 10. dxc5 Bxc5 11. O-O Nc6 12. Rc1 Bb6 13. Bb1 Ne5 14. Bxf6 Qxf6 15. Nxd5 Qg5 16. Nxb6 Nf3+ 17. Kh1 Rad8 18. Qc2 g6 19. gxf3 axb6 20. Nf4 Bf5 21. Qc7 Rc8 22. Qxb6 Rxc1 23. Rxc1 Bxb1 24. Rxb1 Qf5 25. Rg1 Kh7 26. Qxb7 g5 27. Nh5 Qg6 28. Ng3 Qf6 29. Qe4+ Kg7 30. Nf5+ Kg8 31. Nd4 Rb8 32. f4 Rxb2 33. fxg5 hxg5 34. Qg2 Rxf2 35. Qxg5+ Qxg5 36. Rxg5+ Kf8 37. Kg1 Rxa2 38. Rf5 Ke7 39. Rf2 Ra1+ 40. Kg2 Ra4 41. Kf3 Ra3 42. Ke4 Ra4 43. h4 Ra5 44. Rh2 Rh5 45. Kf4 Kf6 46. Kg4 Re5 47. Kf4 Rh5 48. Nf3 Kg6 49. Kg4 f5+ 50. Kf4 Kf6 51. Nd4 Kg6 52. Nc6 Kf6 53. Ne5 Rh8 54. h5 Re8 55. Nf3 Re4+ 56. Kg3 Rg4+ 57. Kf2 Rg8 58. h6 Rh8 59. h7 Kg7 60. Kg3 Rxh7 61. Rxh7+ Kxh7 62. Kf4 Kg6 63. Nd4 Kf6 64. Nxf5 Ke6 65. e4 Kf7 66. e5 Ke8 67. e6 Kf8 68. Ke5 Ke8 69. e7 Kf7 70. Kd6 Ke8 71. Kc6 Kf7 72. Kd7 Kf6 73. e8=Q Kg5 74. Ne7 Kf4 75. Nc8 Kf5 76. Qe6+ Kg5 77. Qf7 Kh6 78. Qg8 Kh5 79. Ke6 Kh4 80. Kf5 Kh3 81. Kf4 Kh2 82. Kf3 Kh1 83. Qg2# 1-0


[Site "https://www.chess.com"]

[Event "Titled Tuesday Blitz December 27 Late 2022"]
[White "Perez Ponsa, Federico"]
[Black "Martinez Alcantara, Jose Eduardo"]
[WhiteFideId "117927"]
[BlackFideId "3805662"]
[WhiteElo "2532"]
[BlackElo "2619"]
[Result "0-1"]
[Round "04"]
[TimeControl "180+2"]
[Date "2022.12.27"]
[WhiteClock "0:00:20"]
[BlackClock "0:00:58"]

1. e4 e5 2. Nf3 Nc6 3. Bb5 a6 4. Ba4 Nf6 5. O-O Be7 6. Re1 b5 7. Bb3 d6 8. a4 Rb8 9. c3 O-O 10. axb5 axb5 11. h3 Bb7 12. d4 Ra8 13. Rxa8 Qxa8 14. Na3 Qa5 15. d5 Nb8 16. Nc2 c6 17. dxc6 Bxc6 18. Bg5 Nbd7 19. Nb4 Bb7 20. Bxf6 Nxf6 21. Nd5 Bxd5 22. Bxd5 b4 23. c4 Bd8 24. g3 Bb6 25. Kg2 g6 26. Qd2 Kg7 27. Nh4 h6 28. Nf3 Nxd5 29. cxd5 Rc8 30. Rc1 Rc5 31. Rxc5 Qxc5 32. h4 Qc4 33. Qe1 Qc2 34. h5 Qxb2 35. hxg6 fxg6 36. Nh4 b3 37. Qd1 Qxf2+ 38. Kh3 h5 39. Ng2 Qg1 40. Qxg1 Bxg1 0-1


[Site "https://www.chess.com"]

[Event "Titled Tuesday Blitz December 27 Late 2022"]
[White "Pham, Khoi"]
[Black "Gubajdullin, Alexei"]
[WhiteFideId "1054988"]
[BlackFideId "4141202"]
[WhiteElo "2355"]
[BlackElo "2285"]
[Result "0-1"]
[Round "04"]
[TimeControl "180+2"]
[Date "2022.12.27"]
[WhiteClock "0:00:11"]
[BlackClock "0:01:22"]

1. c4 Nf6 2. Nc3 g6 3. e4 d6 4. d4 Bg7 5. h3 O-O 6. Be3 Na6 7. g4 c5 8. Nf3 cxd4 9. Nxd4 b6 10. Bg2 Bb7 11. O-O Nc5 12. Qc2 Rc8 13. b4 Ne6 14. Nxe6 fxe6 15. Qb3 Nd7 16. Rad1 Qc7 17. c5 bxc5 18. Qxe6+ Kh8 19. Nd5 Bxd5 20. exd5 Ne5 21. bxc5 dxc5 22. Bg5 Rce8 23. d6 exd6 24. Qxd6 Qa5 25. Rc1 c4 26. f4 Nf7 27. Qd5 Qb6+ 28. Kh1 Nxg5 29. fxg5 c3 30. h4 Qe3 31. h5 Qg3 32. h6 Be5 33. Qxe5+ Qxe5 0-1


[Site "https://www.chess.com"]

[Event "Titled Tuesday Blitz December 27 Late 2022"]
[White "Phillips, Rene"]
[Black "Pinheiro, Iung Alicio de O."]
[WhiteFideId "2056275"]
[BlackFideId "2104350"]
[WhiteElo "1852"]
[BlackElo "2306"]
[Result "0-1"]
[Round "04"]
[TimeControl "180+2"]
[Date "2022.12.27"]
[WhiteClock "0:00:14"]
[BlackClock "0:01:43"]

1. Nf3 c5 2. b3 d5 3. e3 a6 4. Bb2 Nc6 5. Be2 Bf5 6. O-O e6 7. d3 h6 8. Nbd2 Nf6 9. c4 Be7 10. a3 O-O 11. cxd5 exd5 12. Rc1 Rc8 13. Qc2 Re8 14. e4 Bh7 15. Rfd1 d4 16. Nc4 Bf8 17. e5 Nd5 18. Qd2 b5 19. Nd6 Bxd6 20. exd6 Qxd6 0-1


[Site "https://www.chess.com"]

[Event "Titled Tuesday Blitz December 27 Late 2022"]
[White "Prieto Aranguren, Alain"]
[Black "Cruz, William Ferreira Da"]
[WhiteFideId "2268906"]
[BlackFideId "2118050"]
[WhiteElo "2258"]
[BlackElo "2216"]
[Result "1-0"]
[Round "04"]
[TimeControl "180+2"]
[Date "2022.12.27"]
[WhiteClock "0:00:55"]
[BlackClock "0:00:41"]

1. e4 e6 2. d4 d5 3. exd5 exd5 4. Bd3 Nf6 5. Nf3 Bd6 6. O-O O-O 7. Bg5 h6 8. Bh4 g5 9. Bg3 Ne4 10. Nbd2 f5 11. Be5 Nc6 12. c4 Bxe5 13. Nxe5 Nxe5 14. dxe5 Nxd2 15. Qxd2 Be6 16. cxd5 Qxd5 17. Rad1 Rad8 18. Qc3 Kg7 19. b3 c5 20. h4 Qd4 21. Qc2 Qxe5 22. Rfe1 Qf6 23. Qxc5 Rd7 24. Qxa7 Rfd8 25. Bc2 gxh4 26. Rxd7+ Rxd7 27. Qb6 Bd5 28. Qxf6+ Kxf6 29. f4 Rg7 30. Re2 h3 31. Kh2 hxg2 32. Kg1 h5 33. Re5 Be6 34. Re2 Rg4 35. Rxg2 Rxf4 36. Rd2 Rg4+ 37. Kf2 h4 38. Bd1 Rg7 39. Bf3 h3 40. Rd6 Ke5 41. Rb6 h2 42. a4 f4 43. b4 Kd4 44. Rxe6 Kc4 45. Rb6 Rg1 46. Rxb7 Rg3 47. Bh1 Rg1 48. Bg2 Rh1 49. Bxh1 1-0


[Site "https://www.chess.com"]

[Event "Titled Tuesday Blitz December 27 Late 2022"]
[White "Quinones Garcia, Santiago"]
[Black "Lutz, Igor Oscar"]
[WhiteFideId "4408497"]
[BlackFideId "2110806"]
[WhiteElo "2248"]
[BlackElo "1969"]
[Result "1-0"]
[Round "04"]
[TimeControl "180+2"]
[Date "2022.12.27"]
[WhiteClock "0:01:58"]
[BlackClock "0:00:16"]

1. d4 d5 2. c4 c6 3. Nf3 Nf6 4. e3 e6 5. b3 Nbd7 6. Bb2 Be7 7. Bd3 O-O 8. Qc2 b6 9. Ne5 Bb7 10. Nd2 g6 11. h4 dxc4 12. bxc4 Nxe5 13. dxe5 Ng4 14. h5 Kg7 15. Ne4 c5 16. Kf1 f6 17. exf6+ Bxf6 18. Nxf6 Qxf6 19. Bxf6+ 1-0


[Site "https://www.chess.com"]